 Dungeon Crawl Stone Soup version 0.27.1-4-g1640c2035a (webtiles) character file.

Game seed: 5062920310024574677

147 Elvor the Conjurer (level 5, -1/41 HPs)
             Began as a Draconian Conjurer on Nov 2, 2021.
             Slain by Grinder (6 damage)
             ... on level 3 of the Dungeon.
             The game lasted 00:22:03 (2124 turns).

Elvor the Conjurer (Draconian Conjurer)             Turns: 2124, Time: 00:22:04

Health: -1/41      AC:  5    Str: 10    XL:     5   Next: 8%
Magic:  1/8        EV: 12    Int: 19    God:
Gold:   120        SH:  0    Dex:  9    Spells: 2/9 levels left

rFire    . . .     SeeInvis .   f - +2 dagger (venom)
rCold    . . .     Faith    .   (no shield)
rNeg     . . .     Spirit   .   (armour unavailable)
rPois    .         Reflect  .   (helmet restricted)
rElec    .         Harm     .   (no cloak)
rCorr    .         Rampage  .   (no gloves)
Will     .....                  (no boots)
Stlth    ++........             (no amulet)
HPRegen  0.13/turn              (no ring)
MPRegen  0.11/turn              (no ring)

@: no status effects
A: AC +5, unfitting armour, cold-blooded
a: no special abilities


You were on level 3 of the Dungeon.
You visited 1 branch of the dungeon, and saw 3 of its levels.

You collected 120 gold pieces.

Inventory:

Hand Weapons
 f - a +2 dagger of venom (weapon)
Missiles
 b - 102 stones
Scrolls
 c - a scroll of vulnerability {unknown}
 d - a scroll of teleportation {unknown}
 e - 2 scrolls of identify {unknown}
 g - a scroll of torment {unknown}
Potions
 a - a potion of cancellation {unknown}
 h - a potion of ambrosia {unknown}
 i - a potion of brilliance {unknown}
 j - a potion of haste {unknown}


   Skills:
 * Level 1.8 Fighting
 + Level 0.6 Short Blades
 + Level 2.1 Dodging
 + Level 2.1 Stealth
 + Level 2.5 Spellcasting
 + Level 5.4 Conjurations


You had 2 spell levels left.
You knew the following spells:

 Your Spells              Type           Power      Damage    Failure   Level
a - Magic Dart            Conj           92%        1d7       1%          1
b - Searing Ray           Conj           46%        3d4       2%          2
c - Iskenderun's Mystic   Conj/Tloc      12%        2d5       45%         4

Your spell library contained the following spells:

 Spells                   Type           Power      Damage    Failure   Level
 Dazzling Flash           Conj/Hex       24%        N/A       16%         3
 Fulminant Prism          Conj/Hex       6%         3d7       45%         4


Dungeon Overview and Level Annotations

Branches:
Dungeon (3/15)

Altars:
Trog
Wu Jian

Annotations:
D:3 Grinder


Innate Abilities, Weirdness & Mutations

Your plain brown scales are hard. (AC +5)
You cannot fit into any form of body armour.
You are cold-blooded and may be slowed by cold attacks.


Message History

Grinder shouts!
Grinder blinks!
Aiming: Searing Ray (safe; 2% risk of failure)
Press: ? - help, Q - select action, (/) - cycle Shift-Dir - straight line, f - Grinder
Aim: Grinder (75% to hit)
The searing ray hits Grinder!
Grinder is moderately wounded. (Press . to maintain the ray.)
The searing ray hits Grinder.
Grinder is moderately wounded.
Grinder says, "Mostly I couldn't keep them alive."
Grinder gestures at you.
You suddenly lose the ability to move!
Grinder hits you but does no damage. Grinder hits you.
You writhe in agony.
Grinder hits you but does no damage. Grinder hits you.
You writhe in agony.
Grinder gestures at you. Pain shoots through your body!
* * * LOW HITPOINT WARNING * * *
You can move again.
Aiming: Searing Ray (safe; 2% risk of failure)
Press: ? - help, Q - select action, (/) - cycle Shift-Dir - straight line, f/p - Grinder
Aim: Grinder (moderately wounded, 75% to hit)
The searing ray hits Grinder.
Grinder is heavily wounded. (Press . to maintain the ray.) Grinder hits you.
* * * LOW HITPOINT WARNING * * *
The searing ray hits Grinder.
Grinder is severely wounded.
Grinder says, "I used to sell toenails on the black market."
Grinder hits you.
* * * LOW HITPOINT WARNING * * *
You writhe in agony.
* * * LOW HITPOINT WARNING * * *
The searing ray hits Grinder.
Grinder is severely wounded.
Grinder hits you.
You die...

.............###.###........#
.....##.....## #.# #........#
############# #.# #........#
##### #.###........# )<..#
#.#..........# ###.## ..
###...#........# ##..#....
#....##........#
##.............#5.######5.###
#..##........###@## ##.# #..#
#...... #.# #.# #..# |....
#.# #.# ..#........ #.# #.#
..#........ .... #.#
.##........ ###....###.#
......... #.....# .........
##....# .##...... #....#


You could see Grinder.

Vanquished Creatures
  A howler monkey (D:3)
  4 adders
  2 worms (D:2)
  3 dart slugs
  6 orcs
  3 ball pythons
  3 bats
  5 endoplasms
  2 giant cockroaches
  4 goblins
  3 hobgoblins
  2 jackals (D:2)
  3 quokkas
  3 frilled lizards
  7 kobolds
  4 rats
55 creatures vanquished.

Notes
Turn   | Place    | Note
-------+----------+-------------------------------------------
     0 | D:1      | Elvor the Draconian Conjurer began the quest for the Orb.
     0 | D:1      | Reached XP level 1. HP: 14/14 MP: 3/3
   164 | D:1      | Reached XP level 2. HP: 3/20 MP: 1/5
   167 | D:1      | Learned a level 2 spell: Searing Ray
  1026 | D:2      | Reached XP level 3. HP: 25/27 MP: 3/6
  1126 | D:2      | Found an ornate altar of the Wu Jian Council.
  1279 | D:1      | Reached skill level 1 in Fighting
  1595 | D:2      | Reached skill level 5 in Conjurations
  1605 | D:2      | Found a faded altar of an unknown god.
  1741 | D:2      | Reached XP level 4. HP: 35/35 MP: 1/7
  1809 | D:3      | Found a bloodstained altar of Trog.
  1849 | D:3      | Learned a level 4 spell: Iskenderun's Mystic Blast
  2026 | D:3      | Reached XP level 5. HP: 27/41 MP: 2/8
  2091 | D:3      | Noticed Grinder
  2115 | D:3      | Paralysed by Grinder for 7 turns
  2124 | D:3      | Slain by Grinder

Illustrated notes

Levels and vault maps discovered:
D:1:      evilmike_arrival_hilbert_curve, layout_basic
D:2:      layout_basic, basic_altar, shapermc_ecumenical_altar_mp_urbaneastern
D:3:      layout_rooms, bloody_trog, kennysheep_generic_room_11, uniq_grinder

Skill      XL: |  1  2  3  4 |
---------------+-------------+-----
Fighting       | 1 |  1.8
Conjurations   | 5 |  5.4
Dodging        | 2 |  2.1
Stealth        | 2 |  2.1
Short Blades   | |  0.6
Spellcasting   | |  2.5

Action                   |  1- 3 |  4- 6 || total
-------------------------+-------+-------++-------
Melee: Short sword       |    16 |       ||    16
       Unarmed           |     5 |       ||     5
       Tailslap          |     3 |     2 ||     5
       Dagger            |    16 |    23 ||    39
 Cast: Magic Dart        |    45 |    10 ||    55
       Searing Ray       |     9 |     8 ||    17
Armor: Skin              |    14 |     4 ||    18
Dodge: Dodged            |    27 |    12 ||    39
